AoeStats
← mryendl2410

Nomad

509647191Analyzed
4v4 RM · 5d ago on Sep 27, 2026· 47m 8s· 8 players
Game mode
Random Map
Map size
231×231
Population
200
Speed
Normal
Resources
Standard
Victory
Conquest
Starting age
Dark Age
Ending age
Imperial Age
RankedLock teamsTeams togetherTeam positionsShared explorationLock speedFull tech treeHidden civsTurbo modeCheats
Victory
Defeat
🇨🇳 Varangians · China
1472
+13
🇨🇳 Spanish · China
1419
+15
🇹🇼 Vietnamese · Taiwan
1408
+16
🇨🇳 Danes · China
1397
+16
🇨🇳 Mongols · China
1452
-18
🇲🇽 Dravidians · Mexico
1425
-16
🇺🇸 Danes · United States
1365
-13
🇻🇳 Maya · Vietnam
1361
-13
冢中枯骨
6:01 Loom
16:24 Feudal Age
17:02 Double-Bit Axe
22:20 Castle Age
20:48 Fishing Lines
23:03 Fletching
24:08 Wheelbarrow
24:49 Bodkin Arrow
25:27 Gold Mining
26:18 Bow Saw
26:40 Gillnets
30:50 Stone Mining
35:24 Padded Archer Armor
36:15 Hand Cart
36:50 Leather Archer Armor
37:30 Crossbowman
38:17 Thumb Ring
江哥
4:47 Loom
13:34 Feudal Age
15:35 Stone Mining
15:37 Fishing Lines
18:23 Castle Age
17:41 Stone Mining
17:48 Double-Bit Axe
19:51 Bow Saw
21:03 Scale Barding Armor
29:44 Forging
30:17 Husbandry
31:11 Bloodlines
32:49 Wheelbarrow
31:59 Town Watch
36:08 Imperial Age
34:37 Chain Barding Armor
34:11 Horse Collar
34:28 Gold Mining
35:51 Stone Shaft Mining
35:09 Vendel Legacy
36:01 Heavy Plow
37:43 Plate Barding Armor
37:31 Conscription
37:34 Elite Jarl
40:25 Iron Casting
43:38 Coinage
43:24 Capped Ram
46:59 Banking
世一上、
7:04 Loom
13:38 Feudal Age
16:10 Double-Bit Axe
16:28 Fletching
23:17 Castle Age
21:12 Horse Collar
24:09 Medium Warships
29:44 Bow Saw
31:40 Gold Mining
33:10 Scale Mail Armor
33:33 Squires
39:17 Chain Mail Armor
40:09 Forging
41:12 Arson
42:25 Wheelbarrow
47:55 Imperial Age
48:06 Iron Casting
WCID
3:27 Loom
15:16 Feudal Age
19:03 Castle Age
17:03 Double-Bit Axe
17:22 Gold Mining
18:38 Horse Collar
20:20 Bow Saw
30:19 Bloodlines
30:10 Padded Archer Armor
31:27 Husbandry
33:41 Wheelbarrow
32:52 Town Watch
32:59 Fletching
38:04 Imperial Age
36:40 Heavy Plow
37:15 Scale Barding Armor
37:12 Stone Mining
38:52 Chain Barding Armor
38:25 Cavalier
39:17 Forging
39:45 Hand Cart
40:09 Plate Barding Armor
40:59 Iron Casting
43:05 Blast Furnace
41:28 Paladin
44:02 Two-Man Saw
43:39 Stone Shaft Mining
123456
5:05 Loom
12:58 Feudal Age
17:30 Castle Age
16:14 Double-Bit Axe
21:38 Horse Collar
23:53 Fletching
26:54 Bodkin Arrow
26:59 Padded Archer Armor
28:00 Bow Saw
29:30 Gold Mining
32:39 Wheelbarrow
34:33 Ballistics
37:19 Imperial Age
39:11 Town Watch
40:25 Bracer
44:32 Conscription
45:10 Scale Barding Armor
45:17 Forging
mryendl2410
10:42 Loom
12:41 Feudal Age
13:30 Double-Bit Axe
14:20 Gold Mining
19:35 Castle Age
20:37 Medium Warships
20:57 Bow Saw
21:47 Wheelbarrow
25:45 Horse Collar
32:16 Imperial Age
32:21 Heavy Plow
37:23 Scale Mail Armor
37:18 Eagle Warrior
38:50 Squires
38:35 Arson
38:18 Elite Eagle Warrior
40:59 Chain Mail Armor
41:20 Forging
43:05 Plate Mail Armor
44:46 Iron Casting
46:32 Blast Furnace
Queens_StoneAge
5:35 Loom
15:13 Feudal Age
16:14 Double-Bit Axe
22:09 Castle Age
21:16 Fletching
22:39 Town Watch
38:31 Forging
42:31 Squires
42:17 Arson
42:18 Gambesons
42:39 Scale Mail Armor
46:57 Imperial Age
Seifer
4:42 Loom
15:33 Feudal Age
16:12 Fishing Lines
16:19 Town Watch
16:24 Double-Bit Axe
16:30 Gold Mining
21:09 Castle Age
21:30 Stone Mining
21:57 Gillnets
22:18 Medium Warships
22:24 Bow Saw
24:47 Wheelbarrow
26:40 Hand Cart
29:16 Hand Cart
33:11 Ballistics
33:50 Thumb Ring
33:39 Fletching
34:33 Husbandry
37:29 Imperial Age
35:31 Bodkin Arrow
35:37 Padded Archer Armor
37:30 Town Patrol
39:23 Chemistry
38:10 Horse Collar
40:02 Bracer
40:18 Leather Archer Armor
39:44 Pikeman
40:24 Squires
42:24 Masonry
41:50 Halberdier
42:42 Elite Elephant Archer
44:15 Arson
44:50 Scale Mail Armor
45:01 Forging
45:21 Ring Archer Armor
Connection lost

Rejoining the realm…

Still unreachable

The connection could not be restored.

Session expired

The server has moved on; the page needs a fresh start.